 Dungeon Crawl Stone Soup version 0.30-a0-870-gc5d4c5acee (webtiles) character file.

Game seed: 3150904813373829441

9 cforsyth the Shooter (level 2, 24/24 HPs)
             Began as a Barachi Hunter on Mar 11, 2023.
             Quit the game on level 1 of the Dungeon.
             The game lasted 00:00:44 (246 turns).

cforsyth the Shooter (Barachi Hunter)                Turns: 246, Time: 00:00:45

Health: 24/24      AC:  3    Str: 12    XL:     2   Next: 12%
Magic:  2/2        EV: 12    Int:  9    God:
Gold:   11         SH:  0    Dex: 15    Spells: 1/1 levels left

rFire   . . .      SeeInvis .    a - +0 shortbow
rCold   . . .      Faith    .    (shield currently unavailable)
rNeg    . . .      Spirit   .    c - +0 leather armour
rPois   .          Reflect  .    (no helmet)
rElec   .          Rampage  .    (no cloak)
rCorr   .                        (no gloves)
Will    .....                    (no boots)
Stlth   +                        (no amulet)
HPRegen 0.24/turn                (no ring)
MPRegen 0.08/turn                (no ring)

@: slow
A: amphibious, slowness 1, strong legs 1, +LOS
a: Hop


You were on level 1 of the Dungeon.
You visited 1 branch of the dungeon, and saw 1 of its levels.

You collected 11 gold pieces.

Inventory:

Hand Weapons
 a - a +0 shortbow (weapon)
Armour
 c - a +0 leather armour (worn)
Scrolls
 b - a scroll of immolation
 e - a scroll of teleportation {unknown}
Potions
 d - a potion of brilliance {unknown}


   Skills:
 + Level 3.0 Fighting
 - Level 4.0 Ranged Weapons
 + Level 1.3 Armour
 - Level 2.1 Dodging
 - Level 0.8 Stealth


You had one spell level left.
You didn't know any spells.
Your spell library contained the following spells:

 Spells                   Type           Power      Damage    Failure   Level
 Magic Dart               Conj           0%         1d3       45%         1
 Call Imp                 Summ           0%         N/A       61%         2
 Mephitic Cloud           Conj/Pois/Air  0%         N/A       83%         3


Dungeon Overview and Level Annotations

Branches:
Dungeon (1/15)

Altars:


Innate Abilities, Weirdness & Mutations

You are amphibious.
You cover ground slowly.
You can hop short distances.
You have an extended range of vision and can be seen from far away.


Message History

A kobold is nearby!
You shoot an arrow.
The arrow hits the kobold but does no damage.
You shoot an arrow. The arrow barely misses the kobold.
You shoot an arrow. The arrow closely misses the kobold.
The kobold closely misses you.
A kobold is nearby!
A kobold is nearby!
You shoot an arrow. The arrow hits the kobold.
You kill the kobold!
No target in view!
No target in view!
You see here a +0 short sword.
You see here a hobgoblin corpse.
e - a scroll labelled BEMUC FUGIOS A ball python comes into view.
The ball python hisses angrily.
The ball python moves out of view.
A ball python is nearby!
A ball python is nearby!
A ball python is nearby!
A ball python is nearby!
You shoot an arrow. The arrow hits the ball python.
The ball python is moderately wounded.
You shoot an arrow. The arrow hits the ball python.
You kill the ball python!
You have reached level 2!
You see here a ball python corpse.
An endoplasm comes into view.
An endoplasm is nearby!
An endoplasm is nearby!
An endoplasm is nearby!
An endoplasm is nearby!
You shoot an arrow. The arrow hits the endoplasm!
You kill the endoplasm!
Your Fighting skill increases to level 3!
No target in view!
No target in view!
No target in view!
Are you sure you want to abandon this character and quit the game? (Confirm with "yes".)

####.# #.# #.# .. #
#.# .. #. #.# #.#.#
#.# #....#
#########.#
#.#.....##.........#
........@....#######
#.#.#.####...# #####


There were no monsters in sight!

Vanquished Creatures
  A ball python (D:1)
  A bat (D:1)
  3 endoplasms (D:1)
  A hobgoblin (D:1)
  A kobold (D:1)
7 creatures vanquished.

Vanquished Creatures (others)
  6 plants (D:1)
6 creatures vanquished.

Grand Total: 13 creatures vanquished

Notes
Turn   | Place    | Note
-------+----------+-------------------------------------------
     0 | D:1      | cforsyth the Barachi Hunter began the quest for the Orb.
     0 | D:1      | Reached XP level 1. HP: 17/17 MP: 1/1
   182 | D:1      | Reached skill level 1 in Armour
   209 | D:1      | Reached XP level 2. HP: 23/23 MP: 2/2
   246 | D:1      | Quit the game

Illustrated notes

Levels and vault maps discovered:
D:1:      roderic_crop_circles_arrival_small, layout_loops_corners

Skill      XL: |  1  2 |
---------------+-------+-----
Armour         | 1 |  1.3
Fighting       | 3 |  3.0
Ranged Weapons | |  4.0
Dodging        | |  2.1
Stealth        | |  0.8

Action                     || total
---------------------------++-------
   Fire: Shortbow          ||    22
 Armour: Leather armour    ||     4
  Dodge: Dodged            ||    12

Table legend: (Time is in decaauts)
 A = Elapsed time spent in this place.
 B = Non-inter-level travel time spent in this place.
 C = Inter-level travel time spent in this place.
 D = Time resting spent in this place.
 E = Time spent auto-exploring this place.
 F = Levels seen in this place.
 G = Mean time per level.
                   A        B        C        D        E       F      G
               +--------+--------+--------+--------+--------+-----+--------+
         Total |    291 |    291 |      0 |      0 |    241 |   1 |  291.0 |
       Dungeon |    291 |    291 |      0 |      0 |    241 |   1 |  291.0 |
               +--------+--------+--------+--------+--------+-----+--------+

Top non-repeatable levels by time:
     D:1: 291 daAuts
